 Dungeon Crawl Stone Soup version 0.32-a0-540-g866d13106e (webtiles) character file.

Game seed: 13098149820061843411

179 ragingrage the Slasher (level 5, 0/45 HPs)
             Began as a Draconian Chaos Knight on Feb 29, 2024.
             Was a Plaything of Xom.
             Slain by an iguana (4 damage)
             ... on level 5 of the Dungeon.
             The game lasted 00:03:02 (2317 turns).

ragingrage the Slasher (Draconian Chaos Knight)     Turns: 2317, Time: 00:03:02

Health: 0/45       AC:  5    Str: 15    XL:     5   Next: 32%
Magic:  5/5        EV: 12    Int: 12    God:    Xom [.....*]
Gold:   280        SH:  0    Dex: 12    Spells: 4/4 levels left

rFire   . . .        a - +0 falchion (chaos)
rCold   . . .        (no shield)
rNeg    . . .        (body armour unavailable)
rPois   .            (helmet restricted)
rElec   .            (no cloak)
rCorr   .            (no gloves)
SInv    .            (no boots)
Will    .....        (no amulet)
Stlth   ++           (no ring)
HPRegen 0.27/turn    (no ring)
MPRegen 0.09/turn

%: no passive effects
@: no status effects
A: AC +5, unfitting armour, cold-blooded, inability to read after injury 1
a: Renounce Religion


You were on level 5 of the Dungeon.
You worshipped Xom.
You were Xom's teddy bear.
You visited 1 branch of the dungeon, and saw 5 of its levels.

You collected 280 gold pieces.

Inventory:

Hand Weapons
 a - a +0 falchion of chaos (weapon)
 b - a +0 sling
 B - a +3 whip of flaming
Missiles
 c - 9 poisoned darts (quivered)
Armour
 w - a +0 cloak
Jewellery
 s - a ring of fire
Wands
 u - a wand of polymorph (10)
 y - a wand of paralysis (11)
Scrolls
 e - 5 scrolls of identify {unknown}
 f - a scroll of fear {unknown}
 i - a scroll of enchant weapon {unknown}
 j - a scroll of revelation {unknown}
 k - 2 scrolls of vulnerability {unknown}
 m - a scroll of butterflies
 n - a scroll of acquirement {unknown}
 o - a scroll of silence {unknown}
 q - a scroll of enchant armour {unknown}
 t - 2 scrolls of blinking {unknown}
 v - a scroll of immolation {unknown}
 x - 2 scrolls of poison {unknown}
 A - a scroll of teleportation {unknown}
Potions
 d - a potion of heal wounds {unknown}
 g - a potion of ambrosia {unknown}
 h - 2 potions of mutation {unknown}
 l - 2 potions of enlightenment {unknown}
 p - 2 potions of degeneration {unknown}
 r - 4 potions of magic {unknown}
 z - a potion of haste {unknown}


   Skills:
 - Level 3.2 Fighting
 + Level 5.6 Long Blades
 - Level 2.1 Dodging
 - Level 2.0 Stealth


You had 4 spell levels left.
You didn't know any spells.
Your spell library was empty.

Dungeon Overview and Level Annotations

Branches:
Dungeon (5/15)
 Temple: D:4-7

Altars:
Okawaru
Sif Muna
Trog

Shops:
D:2 ?

Annotations:
D:2 Sigmund


Innate Abilities, Weirdness & Mutations

Your plain brown scales are hard. (AC +5)
You cannot fit into any form of body armour.
You are cold-blooded and may be slowed by cold attacks.
You occasionally lose the ability to read scrolls when taking damage.


Message History

You hit the jelly.
The jelly falls asleep!
The jelly quivers.
Your hands burn!
The jelly closely misses you.
You hit the jelly.
You kill the jelly!
You feel your dexterity returning.
No target in view!
c - 6 poisoned darts (gained 1)
c - 7 poisoned darts (gained 1)
c - 8 poisoned darts (gained 1)
c - 9 poisoned darts (gained 1)
You see here a +3 whip of flaming.
You see here a +3 whip of flaming.
B - a +3 whip of flaming
Found a stone staircase leading down.
You hear the slow rusting of a very distant drain.
There is a stone staircase leading down here.
An iguana comes into view.
The helpless iguana fails to defend itself.
You hit the iguana.
The iguana hisses angrily.
The iguana flies into a frenzy!
Xom thinks this is hilarious!
The iguana closely misses you.
You slash the iguana!
The acid corrodes the iguana!
Your tail-slap misses the iguana.
The iguana bites you! The iguana closely misses you.
You are too injured to fight recklessly!
You barely miss the iguana. The iguana barely misses you. The iguana bites you!
You are too injured to fight recklessly!
You are too injured to fight recklessly!
You hit the iguana. You burn the iguana. The iguana closely misses you.
You barely miss the iguana.
Your tail-slap misses the iguana.
The iguana barely misses you. The iguana bites you!
* * * LOW HITPOINT WARNING * * *
You hit the iguana but do no damage.
Nothing appears to happen.
Your tail-slap misses the iguana.
The iguana closely misses you.
You barely miss the iguana. You tail-slap the iguana. The iguana bites you.
You die... "It was about time."

#.# #.# #.####
### ###....#
#.. .......#
#.# #....# #l#
###....####
#@#
#..........
#.#
####.#########
#.# #....# #.#
#.####### #.#
#>.......
#.###.#######
#.....#
#######


You could see a neutral iguana (fast, strong, frenzied, corroded).

Vanquished Creatures
  A scorpion (D:5)
  A jelly (D:5)
  Ijyb (D:3)
  5 dart slugs
  3 ribbon worms (D:3)
  2 ball pythons
  4 endoplasms
  A giant cockroach (D:3)
  7 goblins
  5 hobgoblins
  4 jackals
  3 bats
  A frilled lizard (D:1)
  5 kobolds
  7 rats
50 creatures vanquished.

Notes
Turn   | Place    | Note
-------+----------+-------------------------------------------
     0 | D:1      | ragingrage the Draconian Chaos Knight began the quest for
                  | the Orb.
     0 | D:1      | Reached XP level 1. HP: 19/19 MP: 1/1
   133 | D:1      | Reached XP level 2. HP: 26/26 MP: 2/2
   472 | D:1      | Reached skill level 4 in Long Blades
   528 | D:2      | Found Jusi's Magic Scroll Emporium.
   533 | D:2      | Found a faded altar of an unknown god.
   602 | D:2      | Noticed Sigmund
   870 | D:2      | Reached XP level 3. HP: 29/31 MP: 3/3
   977 | D:2      | Found an iron altar of Okawaru.
  1263 | D:3      | XOM: silly message
  1442 | D:3      | Noticed Ijyb
  1447 | D:3      | XOM: noise
  1453 | D:3      | Paralysed by Ijyb for 4 turns
  1466 | D:3      | Killed Ijyb
  1467 | D:3      | Reached skill level 1 in Stealth
  1467 | D:3      | Reached XP level 4. HP: 11/38 MP: 4/4
  1577 | D:3      | XOM: silly message
  1644 | D:3      | XOM: give mutations
  1644 | D:3      | Gained mutation: You possess an exceptional clarity of
                  | mind. [Xom's mischief]
  1644 | D:3      | Lost mutation: You possess an exceptional clarity of mind.
                  | [Xom's mischief]
  1644 | D:3      | Gained mutation: You occasionally lose the ability to read
                  | scrolls when taking damage. [Xom's mischief]
  2028 | D:3      | Identified the +4 chain mail of Asceticism {+Inv rN++}
  2077 | D:4      | Noticed an ogre
  2124 | D:4      | Found a bloodstained altar of Trog.
  2149 | D:4      | Found a shimmering blue altar of Sif Muna.
  2158 | D:4      | XOM: summons 3 hostile demons
  2162 | D:4      | XOM: polymorph white imp -> quasit
  2185 | D:4      | XOM: silly message
  2200 | D:5      | Entered Level 5 of the Dungeon
  2200 | D:5      | Noticed a scorpion
  2205 | D:5      | Killed a scorpion
  2206 | D:5      | Reached skill level 5 in Long Blades
  2206 | D:5      | Reached XP level 5. HP: 43/45 MP: 5/5
  2317 | D:5      | Slain by an iguana

Illustrated notes

Levels and vault maps discovered:
D:1:      scummos_arrival_star, layout_rooms, grunt_decor_cap
D:2:      layout_basic, basic_altar, serial_shops, shop,
          hellmonk_ecumenical_altar_crossroads, chequers_avenue,
          minmay_pentomino_pile, uniq_sigmund
D:3:      minmay_general_purpose_star, layout_basic, serial_bayou_crossing,
          uniq_ijyb
D:4:      layout_cave_pods, tgw_fedhas, mainiacjoe_overflow_tiny_flanked,
          bloody_trog, minmay_temple_entry_offerings
D:5:      layout_basic, bloody_makhleb, portal_sewer_entry_d,
          minmay_ogre_servants, uniq_grinder, uniq_menkaure

Skill      XL: |  1  2  3  4 |
---------------+-------------+-----
Long Blades    | 4 5 |  5.6
Stealth        | 1 2 |  2.0
Fighting       | |  3.2
Dodging        | |  2.1

Action                     |  1- 3 |  4- 6 || total
---------------------------+-------+-------++-------
  Melee: Falchion          |    85 |    47 ||   132
         Tailslap          |    11 |     6 ||    17
  Throw: Dart              |       |    11 ||    11
   Stab: Sleeping          |     1 |     3 ||     4
 Armour: Skin              |    47 |    72 ||   119
  Dodge: Dodged            |    38 |    73 ||   111

Table legend: (Time is in decaauts)
 A = Elapsed time spent in this place.
 B = Non-inter-level travel time spent in this place.
 C = Inter-level travel time spent in this place.
 D = Time resting spent in this place.
 E = Time spent auto-exploring this place.
 F = Levels seen in this place.
 G = Mean time per level.
                   A        B        C        D        E       F      G
               +--------+--------+--------+--------+--------+-----+--------+
         Total |   2339 |   2271 |     68 |     51 |   1647 |   5 |  467.8 |
       Dungeon |   2339 |   2271 |     68 |     51 |   1647 |   5 |  467.8 |
               +--------+--------+--------+--------+--------+-----+--------+

Top non-repeatable levels by time:
     D:3: 805 daAuts
     D:2: 716 daAuts
     D:1: 532 daAuts
     D:4: 168 daAuts
     D:5: 117 daAuts
